 Dungeon Sprint DCSS version 0.30-a0-1116-gebefce21f7 (webtiles) character file.

Game seed: 3406720790103495606

110 123456 the Trooper (level 4, -6/47 HPs)
             Began as a Minotaur Fighter on Apr 21, 2023.
             Was an Initiate of Gozag.
             Killed from afar by an acid dragon (12 damage)
             ... with a splash of acid
             ... in the Dungeon (Sprint IX: "|||||||||||||||||||||||||||||").
             The game lasted 00:00:51 (193 turns).

123456 the Trooper (Minotaur Fighter)                Turns: 193, Time: 00:00:52

Health: -6/47      AC:  9    Str: 23    XL:     4   Next: 61%
Magic:  3/3        EV: 11    Int:  5    God:    Gozag
Gold:   0          SH:  4    Dex:  9    Spells: 3/3 levels left

rFire   . . .      SeeInvis .    (no weapon)
rCold   . . .      Faith    .    c - +0 buckler
rNeg    . . .      Spirit   .    a - +1 chain mail
rPois   .          Reflect  .    (helmet restricted)
rElec   .          Rampage  .    (no cloak)
rCorr   .          NoTele   +    (no gloves)
Will    .....                    (no boots) Stlth
                                 (no amulet)
HPRegen 0.27/turn                o - +2 ring of protection
MPRegen 0.08/turn                p - +2 ring of evasion

@: corroded
A: horns 2, retaliatory headbutt
a: Renounce Religion, Potion Petition, Call Merchant, Bribe Branch


You were in the Dungeon.
You worshipped Gozag.
Gozag was noncommittal.
You visited 1 branch

Inventory:

Hand Weapons
 n - a +2 dire flail of protection
Armour
 a - a +1 chain mail (worn)
 c - a +0 buckler (worn)
Jewellery
 o - a +2 ring of protection (left hand)
 p - a +2 ring of evasion (right hand)
Wands
 m - a wand of quicksilver (10)
Scrolls
 j - 2 scrolls of blinking
 l - 2 scrolls of amnesia
Potions
 d - a potion of might
 e - 5 potions of curing
 f - 3 potions of heal wounds
 g - a potion of haste
 h - 4 potions of magic
 i - a potion of berserk rage
 k - a potion of invisibility


   Skills:
 * Level 7.3 Fighting
 * Level 6.8 Maces & Flails
 + Level 5.6 Armour
 + Level 3.8 Dodging
 - Level 3.6 Shields


You had 3 spell levels left.
You didn't know any spells.
Your spell library was empty.

Dungeon Overview and Level Annotations

Branches:
Dungeon (1/1)

Altars:
Cheibriados
Dithmenos
Elyvilon
Fedhas
Gozag
Hepliaklqana
Kikubaaqudgha
Makhleb
Nemelex Xobeh
Okawaru
Qazlal
Ru
Sif Muna
Trog
Uskayaw
Vehumet
Wu Jian
Xom
Yredelemnul
Zin
The Shining One
Jiyva
Lugonu


Innate Abilities, Weirdness & Mutations

You have a pair of horns on your head.
You reflexively headbutt those who attack you in melee.


Message History

Unknown command.
You closely miss the acid dragon.
You headbutt the acid dragon, but do no damage.
You block the acid dragon's attack. x2
You closely miss the acid dragon. You headbutt the acid dragon!
The acid dragon is moderately wounded.
The howler monkey hoots and howls with incredible vigour!
The acid dragon spits acid at you. The splash of acid misses you.
You hear a roar!
You hear a shout!
You hit the acid dragon but do no damage.
Your headbutt misses the acid dragon.
The acid dragon is moderately wounded.
The acid dragon misses you. The acid dragon barely misses you.
You closely miss the acid dragon. Your headbutt misses the acid dragon.
The acid dragon is moderately wounded.
The acid dragon bites you!
The acid dragon claws you but does no damage.
Unknown command.
You can't wield that with only one hand.
The howler monkey hoots and howls with incredible vigour!
You hear a horrible gurgling sound!
You see here a +0 scale mail.
The acid dragon attacks as you move away!
The acid dragon closely misses you. You furiously retaliate!
You headbutt the acid dragon, but do no damage.
The acid dragon claws you. The acid dragon spits acid at you.
The splash of acid hits you!
You see here a +0 barding.
The acid dragon spits acid at you. The splash of acid hits you!!
* * * LOW HITPOINT WARNING * * *
The acid corrodes you!
You see here a +0 helmet.
Items here: )))))).
The acid dragon spits acid at you. The splash of acid hits you!
You die...
Your body crumbles into a pile of gold. ▓▓▓▓▓▓▓▓▓▓▓▓▓▓▓▓▓▓▓▓▓▓▓▓▓▓▓▓▓▓▓▓▓ +Y..o..'DT.hD.).@'_______________ ▓▓▓▓▓▓▓▓▓▓▓▓▓▓▓▓▓▓▓▓▓▓▓▓▓▓▓▓▓▓▓▓▓ $ $ $$$$$ $ $ $ $$$$$ $$$$$$$$$$$$ $

You could see a troll, an acid dragon (catching breath) and a howler monkey.

Vanquished Creatures
  A centaur (D)
  An adder (D)
  A white imp (D)
  A dart slug (D)
  2 orcs (D)
  A bat (D)
  An endoplasm (D)
  A frilled lizard (D)
  A rat (D)
10 creatures vanquished.

Notes
Turn   | Place    | Note
-------+----------+-------------------------------------------
     0 | D        | 123456 the Minotaur Fighter began the quest for the Orb.
     0 | D        | Reached XP level 1. HP: 19/19 MP: 0/0
    11 | D        | Reached skill level 4 in Fighting
    15 | D        | Reached skill level 1 in Dodging
    23 | D        | Noticed a centaur
    25 | D        | Reached XP level 2. HP: 27/28 MP: 1/1
    31 | D        | Killed a centaur
    32 | D        | Reached skill level 7 in Fighting
    32 | D        | Reached skill level 5 in Armour
    32 | D        | Reached XP level 3. HP: 24/39 MP: 2/2
    32 | D        | Reached XP level 4. HP: 29/47 MP: 3/3
   105 | D        | Found a snail-covered altar of Cheibriados.
   105 | D        | Found a shadowy altar of Dithmenos.
   105 | D        | Found a white marble altar of Elyvilon.
   105 | D        | Found a blossoming altar of Fedhas.
   105 | D        | Found an opulent altar of Gozag.
   106 | D        | Found a hazy altar of Hepliaklqana.
   107 | D        | Found a viscous altar of Jiyva.
   108 | D        | Found an ancient bone altar of Kikubaaqudgha.
   109 | D        | Found a corrupted altar of Lugonu.
   110 | D        | Found a burning altar of Makhleb.
   111 | D        | Found a sparkling altar of Nemelex Xobeh.
   112 | D        | Found an iron altar of Okawaru.
   113 | D        | Found a stormy altar of Qazlal.
   119 | D        | Became a worshipper of Gozag Ym Sagoz the Greedy
   123 | D        | Found a sacrificial altar of Ru.
   124 | D        | Found a shimmering blue altar of Sif Muna.
   125 | D        | Found a bloodstained altar of Trog.
   126 | D        | Found a hide-covered altar of Uskayaw.
   127 | D        | Found a radiant altar of Vehumet.
   128 | D        | Found an ornate altar of the Wu Jian Council.
   129 | D        | Found a shimmering altar of Xom.
   130 | D        | Found a basalt altar of Yredelemnul.
   131 | D        | Found a glowing silver altar of Zin.
   132 | D        | Found a glowing golden altar of the Shining One.
   176 | D        | Noticed a yak
   176 | D        | Noticed an orc warrior
   176 | D        | Noticed an acid dragon
   176 | D        | Noticed a troll
   176 | D        | Noticed an acid dragon
   193 | D        | Killed from afar by an acid dragon

Illustrated notes

Levels and vault maps discovered:
D:        linesprint [early_d, line_temple, items_1, d_10, items_2, lair_1,
          lair_end, items_3, orc_1, orc_end, items_4, d_15, swamp_1, shoals_1,
          snake_1, spider_1, d_20, vaults_1, items_5, swamp_end, shoals_end,
          snake_end, spider_end, vaults_end, d_27, items_6, zot_1, zot_end,
          crypt_end, forest_end, elf_end, slime_end, tomb_end, abyss_end,
          pan_hell_end]

Skill      XL: |  1  2 |
---------------+-------+-----
Fighting       | 4 7 |  7.3
Maces & Flails | 3 6 |  6.8
Dodging        | 1 3 |  3.8
Armour         | 4 5 |  5.6
Shields        | |  3.6

Action                     |  1- 3 |  4- 6 || total
---------------------------+-------+-------++-------
  Melee: Flail             |    20 |     3 ||    23
         Headbutt          |     3 |     2 ||     5
         Unarmed           |       |     7 ||     7
 Armour: Scale mail        |    15 |       ||    15
         Chain mail        |       |     2 ||     2
  Dodge: Dodged            |    17 |     9 ||    26
  Block: Buckler           |     5 |     6 ||    11

Table legend: (Time is in decaauts)
 A = Elapsed time spent in this place.
 B = Non-inter-level travel time spent in this place.
 C = Inter-level travel time spent in this place.
 D = Time resting spent in this place.
 E = Time spent auto-exploring this place.
 F = Levels seen in this place.
 G = Mean time per level.
                   A        B        C        D        E       F      G
               +--------+--------+--------+--------+--------+-----+--------+
         Total |    198 |    198 |      0 |     65 |     12 |   1 |  198.0 |
       Dungeon |    198 |    198 |      0 |     65 |     12 |   1 |  198.0 |
               +--------+--------+--------+--------+--------+-----+--------+

Top non-repeatable levels by time:
       D: 198 daAuts
